 Dungeon Crawl Stone Soup version 0.30.1-4-g462c640d31 (webtiles) character file.

Game seed: 15386137449556741507

1746 arthad the Ruffian (level 9, -6/79 HPs)
             Began as a Ghoul Monk on Aug 24, 2023.
             Was an Elder of Makhleb.
             Mangled by a wyvern (12 damage)
             ... on level 5 of the Dungeon.
             The game lasted 00:09:27 (3706 turns).

arthad the Ruffian (Ghoul Monk)                     Turns: 3706, Time: 00:09:28

Health: -6/79      AC:  8    Str: 17 (19) XL:     9   Next: 6%
Magic:  11/11      EV: 14    Int:  3      God:    Makhleb [****..]
Gold:   211        SH:  0    Dex: 16 (17) Spells: 8/8 levels left

rFire   . .          .
                       - Unarmed
rCold   + + +        c - orb {light}
rNeg    + + +        r - +3 leather armour of the Moon {rElec rC+++ Regen+ Int-2}
rPois   ∞            (no helmet)
rElec   +            s - +1 cloak
rCorr   .            (no gloves)
SInv    +            (no boots)
Will    .....        (no amulet)
Stlth   +            o - ring "Muolon" {Dex+6 SInv}
HPRegen 0.00/turn    (no ring)
MPRegen 0.12/turn

%: no passive effects
@: attractive, inhibited regen, glowing
A: claws 1, cold resistance 1, negative energy resistance 3, inhibited
regeneration, torment resistance 2, devour on kill
a: Renounce Religion, Minor Destruction, Lesser Servant of Makhleb, Major
Destruction


You were on level 5 of the Dungeon.
You worshipped Makhleb.
Makhleb was greatly pleased with you.
You visited 1 branch of the dungeon, and saw 6 of its levels.

You collected 211 gold pieces.

Inventory:

Missiles
 m - 8 boomerangs
 p - 9 poisoned darts (quivered)
 t - 5 javelins
Armour
 a - a +0 robe
 c - an orb of light (worn)
 n - a +0 scale mail
 r - the +3 leather armour of the Moon (worn) {rElec rC+++ Regen+ Int-2}
   (You found it on level 3 of the Dungeon)

   Int:       It affects your intelligence (-2).
   rC:        It renders you almost immune to cold.
   rElec:     It insulates you from electricity.
   Regen:     It increases your rate of health regeneration.
 s - a +1 cloak (worn)
 z - the +1 ring mail of the Eight Boll Weevils {rPois rN+ Slay+2}
   (You found it on level 5 of the Dungeon)

   Slay:      It affects your accuracy & damage with ranged weapons and melee
   (+2).
   rPois:     It protects you from poison.
   rN:        It protects you from negative energy.
Magical Staves
 j - a staff of earth
Jewellery
 o - the ring "Muolon" (left claw) {Dex+6 SInv}
   (You found it on level 3 of the Dungeon)

   [ring of see invisible]

   Dex:       It affects your dexterity (+6).
   SInv:      It lets you see invisible.
Wands
 B - a wand of mindburst (19)
 C - a wand of paralysis (14)
Scrolls
 b - 2 scrolls of immolation {unknown}
 f - 3 scrolls of enchant weapon {unknown}
 i - 2 scrolls of vulnerability {unknown}
 k - 3 scrolls of amnesia {unknown}
 l - 3 scrolls of identify {unknown}
 u - 2 scrolls of teleportation {unknown}
 y - a scroll of silence {unknown}
 D - a scroll of fog {unknown}
 F - a scroll of magic mapping {unknown}
Potions
 d - a potion of flight
 h - 2 potions of attraction
 w - a potion of brilliance {unknown}
 x - a potion of haste {unknown}
 A - a potion of mutation
 E - a potion of berserk rage {unknown}


   Skills:
 * Level 7.3 Fighting
 + Level 3.5 Armour
 + Level 4.7 Dodging
 * Level 7.5 Unarmed Combat
 * Level 4.3 Invocations


You had 8 spell levels left.
You didn't know any spells.
Your spell library contained the following spells:

 Spells                   Type           Power      Damage    Failure   Level
 Slow                     Hex            0%         N/A       58%         1
 Confusing Touch          Hex            0%         N/A       91%         3
 Vampiric Draining        Necr           0%         2d6       91%         3
 Beastly Appendage        Tmut           Unusable   N/A       N/A         1
 Wereblood                Tmut           Unusable   N/A       N/A         2
 Spider Form              Tmut/Pois      Unusable   N/A       N/A         3

Dungeon Overview and Level Annotations

Branches:
Dungeon (6/15)             Temple (0/1) D:4

Altars:
Hepliaklqana
Makhleb
Nemelex Xobeh
Sif Muna
Trog
Wu Jian


Innate Abilities, Weirdness & Mutations

You are immune to poison.
You have sharp fingernails.
Your flesh is cold resistant. (rC+)
You are immune to negative energy. (rN+++)
You do not regenerate when monsters are visible.
You are immune to unholy pain and torment.
You thrive by killing the living.


Message History

* * * LOW HITPOINT WARNING * * *
The wyvern bites you.
* * * LOW HITPOINT WARNING * * *
You feel better.
The wyvern bites you but does no damage.
Your ynoxinul hits the wyvern!
It was a potion of mutation.
You feel extremely strange.
Your body decomposes!
You feel weakened.
Your body decomposes!
You feel clumsy.
Your body decomposes!
You feel weakened. The wyvern misses you.
Your ynoxinul barely misses the wyvern.
The wyvern misses you.
It was a potion of attraction.
You feel attractive to monsters. The wyvern closely misses you.
Your ynoxinul closely misses the wyvern.
You scratch the wyvern.
The wyvern is heavily wounded.
The wyvern bites you!
* * * LOW HITPOINT WARNING * * *
You feel better. The wyvern closely misses you.
Your ynoxinul barely misses the wyvern.
The wyvern completely misses you.
You are confused.
You feel invigorated.
Your ynoxinul hits the wyvern. The wyvern bites you!
* * * LOW HITPOINT WARNING * * *
It was a potion of might.
You feel very mighty all of a sudden. The wyvern closely misses you.
Your ynoxinul gestures.
The wyvern bites you!
* * * LOW HITPOINT WARNING * * *
It was a potion of cancellation.
Your magical effects are unravelling.
You feel magically purged.
You feel less invigorated.
You feel less confused.
You feel a little less mighty now.
Your ynoxinul hits the wyvern. The wyvern bites you!
You die...

.......##.##.................†...
.....#..###......................
.....##..#.......................
########.#.#.....................
# #...#........5............ #
##.##..................... #
#.##......3.............. #
#........l...........#'## #
####....@5...........#... #
#.................#.<. #
#.................#... #
#.................#... #
##########........#... #
#........#... # #........#... #
#........#... # #........#...


You could see a wyvern (ally target), a friendly ynoxinul (summoned) and 2
friendly ufetubi.

Vanquished Creatures
  Sigmund (D:2)
  A water moccasin (D:6)
  A black bear (D:5)
  An ice beast (D:5)
  An ogre (D:4)
  A centaur (D:5)
  A phantom (D:5)
  6 scorpions
  2 howler monkeys (D:5)
  3 electric eels (D:5)
  A jelly (D:5)
  3 orc priests (D:4)
  2 iguanas
  Jessica (D:3)
  Terence (D:3)
  Natasha (D:3)
  An orc wizard (D:4)
  Robin (D:4)
  3 gnolls (D:4)
  8 adders
  3 worms
  4 dart slugs
  17 orcs
  9 endoplasms
  5 giant cockroaches
  15 goblins
  12 hobgoblins
  2 jackals (D:5)
  3 quokkas
  6 ball pythons
  4 bats
  A frilled lizard (D:2)
  7 kobolds
  5 rats
133 creatures vanquished.

Notes
Turn   | Place    | Note
-------+----------+-------------------------------------------
     0 | D:1      | arthad the Ghoul Monk began the quest for the Orb.
     0 | D:1      | Reached XP level 1. HP: 19/19 MP: 0/0
   182 | D:1      | Reached XP level 2. HP: 26/26 MP: 1/1
   383 | D:1      | Reached XP level 3. HP: 33/33 MP: 2/2
   719 | D:2      | Noticed Sigmund
   747 | D:2      | Killed Sigmund
   748 | D:2      | Reached skill level 1 in Armour
   748 | D:2      | Reached XP level 4. HP: 19/41 MP: 3/3
   748 | D:2      | Reached XP level 5. HP: 22/47 MP: 4/4
   949 | D:2      | Found a shimmering blue altar of Sif Muna.
  1309 | D:3      | Noticed Terence
  1318 | D:3      | Killed Terence
  1319 | D:3      | Reached skill level 5 in Unarmed Combat
  1319 | D:3      | Reached XP level 6. HP: 30/55 MP: 5/5
  1424 | D:3      | Identified the ring "Muolon" {Dex+6 SInv}
  1504 | D:3      | Found a faded altar of an unknown god.
  1506 | D:3      | Found a burning altar of Makhleb.
  1511 | D:3      | Identified the +3 leather armour of the Moon {rElec rC+++
                  | Regen+ Int-2}
  1526 | D:3      | Noticed a balrug
  1535 | D:3      | Reached skill level 5 in Fighting
  1549 | D:3      | Found a bloodstained altar of Trog.
  1568 | D:3      | Noticed a hellwing
  1568 | D:3      | Noticed a hellwing
  1570 | D:3      | Became a worshipper of Makhleb the Destroyer
  1570 | D:3      | Reached * piety under Makhleb
  1570 | D:3      | Reached ** piety under Makhleb
  1712 | D:3      | Noticed Jessica
  1717 | D:3      | Killed Jessica
  1917 | D:3      | Noticed Natasha
  1925 | D:3      | Killed Natasha
  1944 | D:3      | Found an ornate altar of the Wu Jian Council.
  2165 | D:4      | Found a hazy altar of Hepliaklqana.
  2178 | D:4      | Reached XP level 7. HP: 45/61 MP: 6/6
  2212 | D:4      | Found a staircase to the Ecumenical Temple.
  2424 | D:4      | Reached skill level 1 in Invocations
  2487 | D:4      | Reached *** piety under Makhleb
  2513 | D:4      | Noticed Robin
  2525 | D:4      | Killed Robin
  2670 | D:4      | Found a sparkling altar of Nemelex Xobeh.
  2747 | D:5      | Entered Level 5 of the Dungeon
  2788 | D:5      | Reached XP level 8. HP: 60/70 MP: 8/8
  3136 | D:5      | Identified the +1 ring mail of the Eight Boll Weevils
                  | {rPois rN+ Slay+2}
  3422 | D:5      | Reached **** piety under Makhleb
  3656 | D:6      | Reached XP level 9. HP: 79/79 MP: 11/11
  3705 | D:5      | HP: 2/79 [wyvern (7)]
  3706 | D:5      | Mangled by a wyvern

Illustrated notes

Levels and vault maps discovered:
D:1:      dpeg_arrival_morbid_curiosity, layout_basic
D:2:      kennysheep_big_flooded_room, layout_basic, basic_altar, uniq_sigmund
D:3:      layout_loops_ring, makhleb_altar_promises_db,
          nzn_wu_jian_contemplation, trog_three_pillars_becter,
          hellmonk_ecumenical_altar_heavens_door, kennysheep_generic_room_3,
          uniq_natasha, uniq_terence, uniq_jessica
D:4:      layout_basic, marbit_many_paths, nicolae_elyvilon_peaceful_grove,
          lemuel_tele_altar, minmay_temple_entry_statues_pillars, uniq_robin
D:5:      cheibrodos_two_vegetables, layout_gridville, tso_metal_star,
          minmay_misc_feat_secret_circle
D:6:      layout_layer_cave, mainiacjoe_overflow_concentric_impassable,
          uniq_menkaure

Skill      XL: |  1  2  3  4  5  6  7  8 |
---------------+-------------------------+-----
Dodging        | 3 4 |  4.7
Unarmed Combat | 4 5 6 7 |  7.5
Fighting       | 4 5 6 7 |  7.3
Armour         | 1 2 3 |  3.5
Invocations    | 2 4 |  4.3

Action                     |  1- 3 |  4- 6 |  7- 9 || total
---------------------------+-------+-------+-------++-------
  Melee: Unarmed           |    92 |    82 |   229 ||   403
  Throw: Dart              |       |       |    22 ||    22
         Javelin           |       |       |     3 ||     3
         Boomerang         |       |       |     2 ||     2
 Invoke: Lesser Servant of |       |       |     1 ||     1
    Use: Potion            |     2 |       |     8 ||    10
 Armour: Robe              |    19 |     7 |       ||    26
         Leather armour    |       |    10 |    85 ||    95
  Dodge: Dodged            |    65 |    42 |   161 ||   268
